 Dungeon Crawl Stone Soup version 0.17.0-28-g6e173f8 (webtiles) character file.

326 rootspb the Skirmisher (level 6, -9/56 HPs)
             Began as a Minotaur Berserker on Nov 23, 2015.
             Was a Believer of Trog.
             Killed by nerve-wracking pain
             ... invoked by Grinder
              (12 damage)
             ... while paralysed by Grinder
             ... in the Ecumenical Temple.
             The game lasted 00:24:08 (1967 turns).

rootspb the Skirmisher (Minotaur Berserker)         Turns: 1967, Time: 00:24:09

Health: -9/56      AC: 10    Str: 23    XL:     6   Next: 24%
Magic:  5/5        EV:  2    Int:  4    God:    Trog [**....]
Gold:   55         SH:  0    Dex: 10    Spells: 0 memorised, 5 levels left

rFire  . . .     SeeInvis .     q - +0 short sword
rCold  . . .     Clarity  .     i - +0 chain mail
rNeg   . . .     SustAt   +     (no shield)
rPois  .         Gourm    .     (helmet restricted)
rElec  .         Spirit   .     d - +0 cloak
rCorr  .         Warding  .     (no gloves)
rMut   .         Stasis   .     (no boots)
MR     .....                    (no amulet)
Stlth  ..........               b - ring of sustain attributes
                                u - ring of wizardry {p}

@: paralysed, not resistant to hostile enchantments, extremely unstealthy
A: retaliatory headbutt, horns 2
a: Berserk, Trog's Hand, Burn Spellbooks, Renounce Religion


You were in the Ecumenical Temple.
You worshipped Trog.
Trog was pleased with you.
You were not hungry.

You visited 2 branches of the dungeon, and saw 5 of its levels.

You collected 55 gold pieces.

Inventory:

Hand Weapons
 k - a +0 hunting sling
 q - a +0 short sword (weapon)
 s - a +3 flail of protection
Missiles
 l - 85 stones (quivered)
 p - 19 poisoned needles
Armour
 d - a +0 cloak (worn)
 i - a +0 chain mail (worn)
 x - a +0 leather armour
Jewellery
 b - a ring of sustain attributes (right hand)
 u - a ring of wizardry (left hand) {p}
Scrolls
 e - 2 scrolls of teleportation {unknown}
 f - 3 scrolls of remove curse {unknown}
 g - 5 scrolls of identify {unknown}
 m - a scroll of random uselessness {unknown}
 n - 2 scrolls of enchant weapon {unknown}
 r - a scroll of fear {unknown}
 t - 3 scrolls of magic mapping {unknown}
Potions
 h - a potion of agility {unknown}
 j - a potion of flight {unknown}
 o - a potion of degeneration {unknown}
 w - a potion of curing {unknown}
Comestibles
 c - a bread ration


   Skills:
 + Level 5.4 Fighting
 + Level 4.6 Short Blades
 + Level 4.6 Armour
 + Level 3.5 Dodging
 + Level 0.6 Stealth


You had 5 spell levels left.
You didn't know any spells.

Dungeon Overview and Level Annotations

Branches:
Dungeon (4/15)             Temple (1/1) D:4

Altars:
Ashenzari
Cheibriados
Elyvilon
Gozag
Makhleb
Okawaru
Ru
Yredelemnul
The Shining One

Annotations:
Temple Grinder


Innate Abilities, Weirdness & Mutations

You reflexively headbutt those who attack you in melee.
You have a pair of horns on your head.


Message History

Grinder hits you.
* * * LOW HITPOINT WARNING * * *
You writhe in agony. x2
Unknown command.
You hit Grinder.
Grinder is moderately wounded.
Grinder gestures at you.
You suddenly lose the ability to move!
Grinder hits you.
* * * LOW HITPOINT WARNING * * *
You writhe in agony.
* * * LOW HITPOINT WARNING * * *
Grinder gestures at you. Pain shoots through your body!
* * * LOW HITPOINT WARNING * * *
Grinder hits you.
* * * LOW HITPOINT WARNING * * *
Grinder gestures at you. Pain shoots through your body!
You die...

...##................._....# ....
..##.......................# ...
..#........................# ..
..#........................### .
..#...._.....................##..
..#...........................##.
. #............................#.
##............5..............#.
##...........@........._....#.
#...........................#.
#............................#.
#...........................##.
#...._.....................## .
.#........................###
.#........................#
.##.......................#
..............._....#


You could see Grinder.

Vanquished Creatures
  Edmund (D:4)
  An ogre (D:4)
  2 worker ants (D:4)
  2 adders
  An ooze (D:1)
  2 worms
  A ball python (D:1)
  8 bats
  A giant cockroach (D:2)
  6 hobgoblins
  3 giant newts (D:1)
  8 goblins
  9 kobolds
  6 rats
51 creatures vanquished.

Notes
Turn   | Place    | Note
--------------------------------------------------------------
     0 | D:1      | rootspb the Minotaur Berserker began the quest for the Orb.
     0 | D:1      | Reached XP level 1. HP: 19/19 MP: 0/0
   272 | D:1      | Reached skill level 4 in Fighting
   272 | D:1      | Reached XP level 2. HP: 27/27 MP: 1/1
   677 | D:1      | Reached ** piety under Trog
   677 | D:1      | Reached XP level 3. HP: 34/34 MP: 2/2
  1450 | D:4      | Found a basalt altar of Yredelemnul.
  1456 | D:4      | Reached XP level 4. HP: 41/41 MP: 3/3
  1613 | D:4      | Found a staircase to the Ecumenical Temple.
  1656 | Temple   | Entered the Ecumenical Temple
  1849 | D:4      | Noticed Edmund
  1873 | D:4      | Killed Edmund
  1873 | D:4      | Reached skill level 5 in Fighting
  1873 | D:4      | Reached XP level 5. HP: 33/48 MP: 4/4
  1882 | D:4      | Found an opulent altar of Gozag.
  1901 | D:4      | Noticed an ogre
  1902 | D:4      | Noticed Grinder
  1913 | D:4      | Killed an ogre
  1913 | D:4      | Reached XP level 6. HP: 30/56 MP: 5/5
  1942 | D:4      | Paralysed by Grinder for 6 turns
  1945 | D:4      | HP: 2/56 [poisoned by a worker ant]
  1963 | Temple   | Paralysed by Grinder for 7 turns
  1967 | Temple   | Killed from afar by Grinder

Action                   |  1- 3 |  4- 6 || total
-------------------------+-------+-------++-------
Melee: Short sword       |   105 |    61 ||   166
Throw: Stone             |       |     1 ||     1
Invok: Trog's Hand       |       |     4 ||     4
       Burn Spellbooks   |       |     1 ||     1
  Use: Potion            |       |     2 ||     2
  Eat: Bread ration      |     1 |       ||     1
       Chunk             |     1 |       ||     1
